 Dungeon Crawl Stone Soup version 0.17-a0-1996-gd2c0ec8 (webtiles) character file.

77 Manintree the Cudgeler (level 4, -1/39 HPs)
             Began as a Minotaur Fighter on Oct 7, 2015.
             Slain by a gnoll
             ... wielding a +0 halberd
              (10 damage)
             ... on level 2 of the Dungeon.
             The game lasted 00:04:49 (1255 turns).

Manintree the Cudgeler (Minotaur Fighter)           Turns: 1255, Time: 00:04:49

Health: -1/39      AC:  6    Str: 22    XL:     4   Next: 13%
Magic:  3/3        EV:  2    Int:  5    God:
Gold:   125        SH:  9    Dex:  9    Spells: 0 memorised, 3 levels left

rFire  . . .     SeeInvis .     a - +0 flail
rCold  . . .     Clarity  .     b - +0 scale mail
rNeg   . . .     SustAt   .     c - +0 shield
rPois  .         Gourm    .     (helmet restricted)
rElec  .         Spirit   .     (no cloak)
rCorr  .         Warding  .     (no gloves)
rMut   .         Stasis   .     (no boots)
MR     .....                    f - amulet of rage
Stlth  ..........               (no ring)
                                (no ring)

@: not resistant to hostile enchantments, extremely unstealthy
A: retaliatory headbutt, horns 2
a: Evoke Berserk Rage


You were on level 2 of the Dungeon.
You were not hungry.

You visited 1 branch of the dungeon, and saw 2 of its levels.

You collected 125 gold pieces.

Inventory:

Hand Weapons
 a - a +0 flail (weapon)
Armour
 b - a +0 scale mail (worn)
 c - a +0 shield (worn)
Jewellery
 f - an amulet of rage (around neck)
 h - an uncursed ring of flight {unknown}
Scrolls
 g - a scroll of recharging {unknown}
 j - 2 scrolls of teleportation {unknown}
 k - a scroll of amnesia {unknown}
Potions
 d - a potion of might
 l - a potion of haste {unknown}
 n - a potion of flight {unknown}
 o - a potion of ambrosia {unknown}
Comestibles
 e - a bread ration
 i - a meat ration
 m - a slice of pizza


   Skills:
 - Level 3.6 Fighting
 + Level 5.3 Maces & Flails
 - Level 3.6 Armour
 - Level 3.6 Shields


You had 3 spell levels left.
You didn't know any spells.

Dungeon Overview and Level Annotations

Branches:
Dungeon (2/15)

Altars:


Innate Abilities, Weirdness & Mutations

You reflexively headbutt those who attack you in melee.
You have a pair of horns on your head.


Message History

The gnoll is heavily wounded.
The gnoll hits you. You block the gnoll's attack.
You hit the gnoll but do no damage.
You headbutt the gnoll, but do no damage.
The gnoll is heavily wounded.
The gnoll hits you. The gnoll closely misses you. You block the gnoll's attack.
You hit the gnoll. Your headbutt misses the gnoll.
The gnoll is severely wounded.
The gnoll hits you from afar with a halberd.
The gnoll closely misses you.
Your shield and scale mail prevent you from hitting the gnoll.
You headbutt the gnoll.
You kill the gnoll!
You have reached level 4!
You feel stronger.
The gnoll hits you from afar with a halberd!
* * * LOW HITPOINT WARNING * * *
There is a stone staircase leading up here.
The gnoll hits you from afar with a halberd!
You die...

### #.## ##.÷<..# ...
.. # ##.
#.##..#####... #. # #
#...).......... .[#.
# #.####..#......
.... # ## #.........
..## # ##....###.# #
#..[g.....# #
######...#.###.# ####
##.......g#@# ##
...###.....#...#.# ..
##.............#.. .#
#####.....#.g#####
##...##..# ##.###..#
#..[†..#######
######.....g.#
#######.#############


You could see a gnoll.

Vanquished Creatures
  An adder (D:2)
  2 gnolls (D:2)
  A worm (D:2)
  A giant gecko (D:1)
  7 hobgoblins
  4 jackals (D:2)
  4 kobolds
  4 bats (D:1)
  3 giant cockroaches
  3 giant newts (D:1)
  9 goblins
  4 rats (D:1)
43 creatures vanquished.

Notes
Turn   | Place    | Note
--------------------------------------------------------------
     0 | D:1      | Manintree the Minotaur Fighter began the quest for the Orb.
     0 | D:1      | Reached XP level 1. HP: 19/19 MP: 0/0
   263 | D:1      | Reached XP level 2. HP: 21/26 MP: 1/1
   517 | D:1      | Reached skill level 4 in Maces & Flails
   766 | D:1      | Reached XP level 3. HP: 26/31 MP: 2/2
  1138 | D:2      | Reached skill level 5 in Maces & Flails
  1217 | D:2      | Reached XP level 4. HP: 18/39 MP: 3/3
  1255 | D:2      | Slain by a gnoll

Vault maps used:
D:1:      matt_arrival_refuge, dk_noncrumbling_3, st_stairs_11,
          minmay_box_of_dots
D:2:      ecumenical_altar_2, minmay_misc_feat_iff, okawaru_ov_weapons_minmay,
          uniq_crazy_yiuf_cottage, uniq_robin, uniq_iyjb

Action                   |  1- 3 |  4- 6 || total
-------------------------+-------+-------++-------
Melee: Flail             |   105 |       ||   105
  Eat: Chunk             |     1 |       ||     1
